 Dungeon Sprint DCSS version 0.30-a0-737-gf23d94013f (webtiles) character file.

Game seed: 4242261619288295574

6209 BigDaddyOpFi the Unseen (level 10, -2/37 HPs)
             Began as a Felid Earth Elementalist on Feb 1, 2023.
             Was the Champion of Vehumet.
             Killed by blast of metal fragments (39 damage)
             ... in the Dungeon (Sprint VII: "The Pits").
             The game lasted 00:17:30 (6027 turns).

BigDaddyOpFi the Unseen (Felid Earth Elementalist)  Turns: 6027, Time: 00:17:30

Health: -2/37      AC:  2    Str:  6    XL:     10   Next: 61%
Magic:  17/27      EV: 32    Int: 21    God:    Vehumet [******]
Gold:   94         SH:  0    Dex: 21    Spells: 14/33 levels left
                                        Lives:  0   Deaths: 3

rFire   . . .      SeeInvis +    (weapon unavailable)
rCold   . . .      Faith    .    (shield unavailable)
rNeg    . . .      Spirit   .    (body armour unavailable)
rPois   .          Reflect  .    (helmet unavailable)
rElec   .          Harm     .    (cloak unavailable)
rCorr   .          Rampage  .    (gloves unavailable)
Will    +....      NoTele   +    (boots unavailable)
Stlth   +++++++                  (no amulet)
HPRegen 0.26/turn                d - +3 ring of dexterity
MPRegen 0.20/turn                f - +3 ring of intelligence

@: quick
A: very small, claws 1, fangs 3, see invisible, speed 1, shaggy fur 2, stealthy
paws, no weapons or thrown items, no armour, multi-lived
a: Renounce Religion


You were in the Dungeon.
You worshipped Vehumet.
Vehumet was exalted by your worship.
You visited 1 branch You collected 94 gold pieces.

Inventory:

Jewellery
 d - a +3 ring of dexterity (left paw)
 f - a +3 ring of intelligence (right paw)
 n - a ring of fire
 p - a ring of flight
Scrolls
 a - a scroll of blinking
 k - 2 scrolls of fog
 l - 2 scrolls of identify
 m - a scroll of fear
Potions
 b - 9 potions of curing
 c - 6 potions of heal wounds
 e - 6 potions of berserk rage
 g - a potion of invisibility
 h - a potion of might
 i - a potion of resistance
 j - a potion of brilliance
 o - 4 potions of haste


   Skills:
 + Level 16.6 Dodging
 + Level 18.0 Stealth
 + Level 12.0 Spellcasting
 + Level 11.3 Conjurations
 - Level 4.3 Transmutations
 + Level 2.3 Ice Magic
 + Level 2.2 Air Magic
 - Level 11.9 Earth Magic


You had 14 spell levels left.
You knew the following spells:

 Your Spells              Type           Power      Damage    Failure   Level
a - Sandblast             Erth           100%       2d20      1%          1
b - Stone Arrow           Conj/Erth      100%       3d13      1%          3
c - Lee's Rapid Deconstr  Erth           29%        3d15*     1%          5
d - Irradiate             Conj/Tmut      22%        3d19      1%          5
e - Freezing Cloud        Conj/Ice/Air   17%        6-21      4%          5

Your spell library contained the following spells:

 Spells                   Type           Power      Damage    Failure   Level
 Starburst                Conj/Fire      18%        6d7       21%         6
 Passwall                 Tmut/Erth      38%        N/A       1%          2
 Petrify                  Tmut/Erth      46%        N/A       1%          4


Dungeon Overview and Level Annotations

Branches:
Dungeon (1/1)

Altars:
Ashenzari
Cheibriados
Dithmenos
Elyvilon
Fedhas
Gozag
Hepliaklqana
Kikubaaqudgha
Makhleb
Nemelex Xobeh
Okawaru
Qazlal
Ru
Sif Muna
Trog
Uskayaw
Vehumet
Wu Jian
Xom
Yredelemnul
Zin
The Shining One
Jiyva
Lugonu


Innate Abilities, Weirdness & Mutations

You have sharp claws.
You have razor-sharp teeth.
You have supernaturally acute eyesight. (SInv)
You cover ground quickly. (Speed+)
You are covered in thick fur. (AC +2)
Your paws help you pounce on unaware monsters.
You are incapable of wielding weapons or throwing items.
You cannot wear armour.
You gain extra lives every three experience levels.


Message History

Aiming: Lee's Rapid Deconstruction (dangerous; 1% risk of failure)
Press: ? - help, Dir - move target A metal wall.
The metal wall shatters!
The blast of metal fragments hits the acid dragon!!
You kill the acid dragon!
Vehumet accepts your kill.
You feel your power returning.
The acid dragon scales are intact enough to wear.
There is a huge open gate leading to the Armoury (Hard) here.
You close the huge gate.
You start resting.
Magic restored.
You start waiting.
Done waiting.
You open the huge gate.
There is a huge open gate leading to the Armoury (Hard) here.
There is a huge open gate here.
Things that are here:
+0 acid dragon scales; an acid dragon corpse An unseen horror comes into view.
Casting: Lee's Rapid Deconstruction (dangerous; 1% risk of failure)
Confirm with . or Enter, or press ? or * to list all spells.
Aiming: Lee's Rapid Deconstruction (dangerous; 1% risk of failure)
Press: ? - help, Dir - move target A metal wall.
The metal wall shatters!
The blast of metal fragments hits the unseen horror!
The unseen horror is lightly wounded.
The hobgoblin shouts!
Casting: Lee's Rapid Deconstruction (dangerous; 1% risk of failure)
Confirm with . or Enter, or press ? or * to list all spells.
Aiming: Lee's Rapid Deconstruction (dangerous; 1% risk of failure)
Press: ? - help, Dir - move target A metal wall.
That beam is likely to hit you.
Continue anyway?
The metal wall shatters!
The blast of metal fragments hits you!!!
Ouch! That really hurt!
You die...

.......# ..#### .......# ..#
######## g.# ######## ..#
...##..# ..# ...##..# ..#
...''..# x.#
...''..##########..#
...##...........@..#
...##....[.........#
#################### ########
##### #############
#รท.....###...# ##?.'.....'..##
#..#'#.........##...##...##.[)#
..##.##....)#...#?.##.....##.}#
.##...##...###..#?##.......##.#
##.....##.##.##.###.........###


You could see an unseen horror (invisible) and a hobgoblin.

Vanquished Creatures
  An alligator (D)
  A death yak (D)
  2 sea snakes (D)
  A deep troll (D)
  A flayed ghost (D)
  2 bog bodies (D)
  2 phantasmal warriors (D)
  An orc knight (D)
  2 elephants (D)
  A gargoyle (D)
  An efreet (D)
  2 trolls (D)
  A tarantella (D)
  A hornet (D)
  A snapping turtle (D)
  A jumping spider (D)
  2 flying skulls (D)
  2 wraiths (D)
  A wyvern (D)
  A fire bat (D)
  A steam dragon (D)
  A warg (D)
  An acid dragon (D)
  An orc warrior (D)
  A black bear (D)
  A swamp drake (D)
  4 wolves (D)
  A phantom (D)
  A necrophage (D)
  3 wights (D)
  3 killer bees (D)
  2 crimson imps (D)
  A gnoll bouda (D)
  An orc priest (D)
  An iguana (D)
  2 orc wizards (D)
  2 hell rats (D)
  A gnoll (D)
  An adder (D)
  A river rat (D)
  2 ufetubi (D)
  5 orcs (D)
  An endoplasm (D)
  2 goblins (D)
  A hobgoblin (D)
  A kobold (D)
  A quokka (D)
  A ball python zombie (D)
  A bat (D)
  2 rats (D)
74 creatures vanquished.

Vanquished Creatures (others)
  A floating eye (D)
1 creature vanquished.

Grand Total: 75 creatures vanquished

Notes
Turn   | Place    | Note
-------+----------+-------------------------------------------
     0 | D        | BigDaddyOpFi the Felid Earth Elementalist began the quest
                  | for the Orb.
     0 | D        | Reached XP level 1. HP: 7/7 MP: 4/4
    12 | D        | Reached skill level 3 in Stealth
    19 | D        | Found a bloodstained altar of Trog.
    19 | D        | Found a shimmering blue altar of Sif Muna.
    19 | D        | Found a viscous altar of Jiyva.
    19 | D        | Found a hazy altar of Hepliaklqana.
    19 | D        | Found an opulent altar of Gozag.
    20 | D        | Found a glowing golden altar of the Shining One.
    20 | D        | Found a glowing silver altar of Zin.
    20 | D        | Found a basalt altar of Yredelemnul.
    20 | D        | Found a shimmering altar of Xom.
    20 | D        | Found an ornate altar of the Wu Jian Council.
    20 | D        | Found a sacrificial altar of Ru.
    20 | D        | Found a stormy altar of Qazlal.
    20 | D        | Found an iron altar of Okawaru.
    20 | D        | Found a sparkling altar of Nemelex Xobeh.
    20 | D        | Found a burning altar of Makhleb.
    20 | D        | Found a blossoming altar of Fedhas.
    20 | D        | Found a white marble altar of Elyvilon.
    20 | D        | Found a shadowy altar of Dithmenos.
    20 | D        | Found a snail-covered altar of Cheibriados.
    23 | D        | Found a corrupted altar of Lugonu.
    23 | D        | Found a radiant altar of Vehumet.
    24 | D        | Found an ancient bone altar of Kikubaaqudgha.
    24 | D        | Found a hide-covered altar of Uskayaw.
    24 | D        | Found a broken altar of Ashenzari.
    32 | D        | Became a worshipper of Vehumet
    71 | D        | Reached XP level 2. HP: 8/11 MP: 1/6
   168 | D        | Reached * piety under Vehumet
   168 | D        | Offered knowledge of Shock by Vehumet.
   170 | D        | Reached skill level 4 in Stealth
   345 | D        | Reached ** piety under Vehumet
   345 | D        | Offered knowledge of Magic Dart by Vehumet.
   545 | D        | Noticed a phantom
   548 | D        | Killed a phantom
   549 | D        | Reached skill level 5 in Dodging
   549 | D        | Reached skill level 6 in Stealth
   549 | D        | Reached XP level 3. HP: 9/14 MP: 3/9
   549 | D        | Reached XP level 4. HP: 11/18 MP: 3/11
   711 | D        | Offered knowledge of Poisonous Vapours by Vehumet.
   712 | D        | Reached skill level 7 in Stealth
   712 | D        | Reached skill level 1 in Conjurations
   712 | D        | Reached skill level 5 in Earth Magic
   712 | D        | Reached XP level 5. HP: 17/21 MP: 3/12
   712 | D        | Reached *** piety under Vehumet
   725 | D        | Noticed a black bear
   762 | D        | Reached skill level 5 in Spellcasting
   763 | D        | Reached **** piety under Vehumet
   764 | D        | Reached skill level 8 in Stealth
   777 | D        | Gained mutation: You are covered in thick fur. (AC +2)
                  | [Felid growth]
   777 | D        | Reached XP level 6. HP: 20/24 MP: 9/15
   927 | D        | Offered knowledge of Flame Wave by Vehumet.
   928 | D        | Reached skill level 9 in Stealth
   943 | D        | Learned a level 3 spell: Stone Arrow
   977 | D        | Noticed an elephant
   983 | D        | Slain by an elephant
   984 | D        | Reached XP level 5. HP: -2/21 MP: 14/14
  1021 | D        | Killed an elephant
  1021 | D        | Offered knowledge of Lee's Rapid Deconstruction by Vehumet.
  1021 | D        | Reached ***** piety under Vehumet
  1022 | D        | Reached skill level 10 in Dodging
  1022 | D        | Reached skill level 10 in Stealth
  1022 | D        | Reached skill level 5 in Conjurations
  1022 | D        | Reached XP level 6. HP: 23/24 MP: 6/17
  1022 | D        | Reached XP level 7. HP: 26/27 MP: 6/18
  1298 | D        | Learned a level 5 spell: Lee's Rapid Deconstruction
  1309 | D        | Noticed a flying skull
  1310 | D        | Killed a flying skull
  1310 | D        | Offered knowledge of Ozocubu's Refrigeration by Vehumet.
  1311 | D        | Reached skill level 11 in Stealth
  1479 | D        | Noticed a death yak
  1479 | D        | Noticed an orc knight
  1532 | D        | Killed a death yak
  1532 | D        | Offered knowledge of Irradiate by Vehumet.
  1533 | D        | Reached skill level 12 in Stealth
  1533 | D        | Reached XP level 8. HP: 31/31 MP: 11/21
  1548 | D        | Slain by an orc knight
  1549 | D        | Reached XP level 7. HP: -1/27 MP: 1/19
  1660 | D        | Killed an orc knight
  1661 | D        | Reached skill level 13 in Stealth
  1661 | D        | Reached XP level 8. HP: 17/31 MP: 13/21
  1866 | D        | Learned a level 5 spell: Irradiate
  2017 | D        | Noticed an alligator
  2021 | D        | Killed an alligator
  2022 | D        | Reached skill level 14 in Stealth
  2116 | D        | Noticed a phantasmal warrior
  2120 | D        | Noticed a deep troll
  2127 | D        | Offered knowledge of Iron Shot by Vehumet.
  2128 | D        | Reached XP level 9. HP: 28/34 MP: 11/23
  2131 | D        | Noticed a troll
  2153 | D        | Killed a deep troll
  2154 | D        | Reached skill level 10 in Earth Magic
  2157 | D        | Killed a troll
  2309 | D        | Reached skill level 15 in Stealth
  2309 | D        | Reached skill level 10 in Spellcasting
  2467 | D        | Killed a phantasmal warrior
  2732 | D        | Noticed a flayed ghost
  2734 | D        | Noticed a sea snake
  2739 | D        | Killed a flayed ghost
  2740 | D        | Reached XP level 10. HP: 37/37 MP: 13/25
  2740 | D        | Reached ****** piety under Vehumet
  2740 | D        | Offered knowledge of Iskenderun's Battlesphere by Vehumet.
  2744 | D        | Killed a sea snake
  2745 | D        | Reached skill level 16 in Stealth
  2984 | D        | Noticed a sea snake
  2987 | D        | Killed a sea snake
  2988 | D        | Reached skill level 15 in Dodging
  2988 | D        | Reached skill level 10 in Conjurations
  3269 | D        | Offered knowledge of Yara's Violent Unravelling by Vehumet.
  3269 | D        | Noticed a phantasmal warrior
  3445 | D        | Killed a phantasmal warrior
  3721 | D        | Noticed a ghost moth
  3723 | D        | Reached skill level 17 in Stealth
  4568 | D        | Mangled by a ghost moth
  4569 | D        | Reached XP level 9. HP: -10/34 MP: 0/25
  4761 | D        | Noticed an efreet
  4761 | D        | Noticed an elephant
  4806 | D        | Noticed a bog body
  4808 | D        | Killed a bog body
  4809 | D        | Reached XP level 10. HP: 37/37 MP: 21/26
  4811 | D        | Offered knowledge of Freezing Cloud by Vehumet.
  5014 | D        | Killed an elephant
  5275 | D        | Noticed a gargoyle
  5279 | D        | Killed a gargoyle
  5280 | D        | Reached skill level 1 in Ice Magic
  5280 | D        | Reached skill level 1 in Air Magic
  5683 | D        | Learned a level 5 spell: Freezing Cloud
  5731 | D        | Noticed a bog body
  5734 | D        | Killed a bog body
  5734 | D        | Offered knowledge of Starburst by Vehumet.
  5735 | D        | Reached skill level 18 in Stealth
  6027 | D        | Killed by blast of metal fragments

Illustrated notes

Levels and vault maps discovered:
D:        pitsprint [storerooms_1, entrance_room_1, metal_vault_3, armoury_3,
          mini_pit_1, grid_room_1, main_hall_1, silver_pit, the_coven_1,
          the_vestibule_1, steel_vault_3, golden_pit, hallway_of_sentries,
          crystal_vault_4, iron_vault_2, final_vault]

Skill      XL: |  1  2  3  4  5  6  7  8  9 10 |
---------------+-------------------------------+-----
Dodging        | 3 5 6 10 12 13 14 16 | 16.6
Stealth        | 3 6 7 10 9 13 14 15 18 | 18.0
Transmutations | 2 4 |  4.3
Earth Magic    | 3 4 5 7 6 8 9 10 11 | 11.9
Spellcasting   | 4 7 6 8 9 10 12 | 12.0
Conjurations   | 1 5 4 7 8 9 11 | 11.3
Ice Magic      | 2 |  2.3
Air Magic      | 2 |  2.2

Action                     |  1- 3 |  4- 6 |  7- 9 | 10-12 || total
---------------------------+-------+-------+-------+-------++-------
  Melee: Unarmed           |       |     3 |     8 |     3 ||    14
         Bite              |       |       |       |     2 ||     2
   Cast: Sandblast         |    18 |    52 |     3 |     7 ||    80
         Stone Arrow       |       |       |    25 |    13 ||    38
         Lee's Rapid Decon |       |       |    28 |    40 ||    68
         Irradiate         |       |       |       |     2 ||     2
    Use: Potion            |       |     4 |     7 |     3 ||    14
         Scroll            |       |     1 |       |       ||     1
 Armour: Skin              |       |       |     1 |     2 ||     3
  Dodge: Dodged            |    17 |    11 |    38 |    45 ||   111

Table legend: (Time is in decaauts)
 A = Elapsed time spent in this place.
 B = Non-inter-level travel time spent in this place.
 C = Inter-level travel time spent in this place.
 D = Time resting spent in this place.
 E = Time spent auto-exploring this place.
 F = Levels seen in this place.
 G = Mean time per level.
                   A        B        C        D        E       F      G
               +--------+--------+--------+--------+--------+-----+--------+
         Total |   5774 |   5722 |     52 |   4357 |      0 |   1 | 5774.0 |
       Dungeon |   5774 |   5722 |     52 |   4357 |      0 |   1 | 5774.0 |
               +--------+--------+--------+--------+--------+-----+--------+

Top non-repeatable levels by time:
       D: 5774 daAuts
